 Dungeon Crawl Stone Soup version 0.32-a0-330-g213d367 (webtiles) character file.

Game seed: 1724836260408121974

5894 KingC897 the Spear-Bearer (level 10, -2/91 HPs)
             Began as a Minotaur Berserker on Feb 12, 2024.
             Was an Elder of Trog.
             Killed from afar by a steam dragon (10 damage)
             ... with a ball of steam
             ... on level 10 of the Dungeon on Feb 16, 2024.
             The game lasted 01:12:15 (5143 turns).

KingC897 the Spear-Bearer (Minotaur Berserker)      Turns: 5143, Time: 01:12:16

Health: -2/91      AC: 16    Str: 25    XL:     10   Next: 53%
Magic:  9/9        EV:  8    Int: 10    God:    Trog [****..]
Gold:   394        SH:  0    Dex: 11    Spells: 9/9 levels left

rFire   . . .        b - +2 scythe (flame)
rCold   . . .        (shield currently unavailable)
rNeg    . . .        w - +0 plate armour
rPois   .            (helmet restricted)
rElec   .            (no cloak)
rCorr   +            i - +0 pair of gloves
SInv    .            k - +0 pair of boots
Will    .....        (no amulet) Stlth
                     a - ring "Noh Sepp" {rCorr Int+6}
HPRegen 0.35/turn    z - +4 ring of slaying
MPRegen 0.11/turn

%: no passive effects
@: marked, on berserk cooldown, slowed, very slow
A: horns 2, retaliatory headbutt
a: Renounce Religion, Berserk, Trog's Hand, Brothers in Arms


You were on level 10 of the Dungeon.
You worshipped Trog.
Trog was greatly pleased with you.
You visited 2 branches of the dungeon, and saw 11 of its levels.

You collected 394 gold pieces.

Inventory:

Hand Weapons
 b - a +2 scythe of flaming (weapon)
 c - a +2 short sword of protection
 g - a +0 club
 h - the +7 dagger of Chance {freeze, ^Fragile +Blink Int+3 Dex+8}
   (You found it on level 5 of the Dungeon)

   Int+3:     It affects your intelligence (+3).
   Dex+8:     It affects your dexterity (+8).
   +Blink:    It lets you blink.
   ^Fragile:  It will be destroyed if unequipped.
 j - a +0 mace
 n - a +3 scimitar of freezing
 y - a +0 trident
 C - a +0 orcbow
Missiles
 D - 3 throwing nets
Armour
 e - a +0 leather armour
 i - a +0 pair of gloves (worn)
 k - a +0 pair of boots (worn)
 t - a +0 ring mail
 w - a +0 plate armour (worn)
 I - the +0 buckler of Tuul {Dex+2}
   (You found it on level 9 of the Dungeon)

   Dex+2:     It affects your dexterity (+2).
Jewellery
 a - the ring "Noh Sepp" (left hand) {rCorr Int+6}
   (You found it on level 4 of the Dungeon)

   [ring of intelligence]

   Int+6:     It affects your intelligence (+6).
   rCorr:     It protects you from acid and corrosion.
 z - a +4 ring of slaying (right hand)
 B - a ring of willpower
Talismans
 m - a blade talisman
Wands
 p - a wand of flame (36)
 q - a wand of paralysis (12)
 A - a wand of iceblast (12)
 K - a wand of acid (7)
Scrolls
 l - 2 scrolls of noise
 o - 3 scrolls of butterflies
 s - a scroll of revelation
 u - 2 scrolls of teleportation
 x - a scroll of fear
 E - a scroll of poison {unknown}
 G - a scroll of blinking {unknown}
 H - a scroll of fog
 M - 2 scrolls of brand weapon {unknown}
Potions
 d - 2 potions of enlightenment
 f - 2 potions of degeneration (quivered)
 r - 2 potions of haste
 v - a potion of attraction
 F - 2 potions of lignification {unknown}
 J - a potion of might
Miscellaneous
 L - a phial of floods


   Skills:
 + Level 9.3 Fighting
 + Level 2.6 Short Blades
 + Level 12.7 Polearms
 + Level 8.7 Armour
 + Level 4.6 Dodging
 + Level 2.3 Stealth
 + Level 4.4 Unarmed Combat


You had 9 spell levels left.
You didn't know any spells.
Your spell library contained the following spells:

 Spells                   Type           Power      Damage    Failure   Level
 Cigotuvi's Dreadful Rot  Necr/Alch/Air  0%         N/A       99%         2
 Cause Fear               Hex            0%         N/A       100%        4
 Ignite Poison            Fire/Alch      0%         N/A       100%        4
 Fireball                 Conj/Fire      0%         3d3       100%        5
 Freezing Cloud           Conj/Ice/Air   0%         6-21      100%        5
 Dragon's Call            Summ           0%         N/A       100%        9


Dungeon Overview and Level Annotations

Branches:
Dungeon (10/15)            Temple (1/1) D:6             Orc (0/2) D:9
   Lair: D:8-11

Altars:
Cheibriados
Dithmenos
Elyvilon
Fedhas
Gozag
Kikubaaqudgha
Nemelex Xobeh
Okawaru
Qazlal
Ru
Trog
Uskayaw
Yredelemnul
Zin
The Shining One
Lugonu

Shops:
D:10 (

Annotations:
D:3 1 runed translucent door
D:10 Sonja


Innate Abilities, Weirdness & Mutations

You have a pair of horns on your head.
You reflexively headbutt those who attack you in melee.


Message History

You feel a strong urge to attack something.
You feel sick.
You are no longer berserk.
You are exhausted.
You feel as though you will be slow longer.
You feel sick.
A centaur comes into view.
You barely miss the orc. You headbutt the orc.
The orc is almost dead.
You feel sick.
The orc warrior hits you from afar with a +3 glaive of protection!
The orc hits you but does no damage. The orc warrior barely misses you.
The orc closely misses you.
You closely miss the orc. Your headbutt misses the orc.
The orc is almost dead.
You feel sick.
Sonja casts a spell.
Sonja blinks!
The orc warrior hits you from afar with a +3 glaive of protection!
* * * LOW HITPOINT WARNING * * *
The orc hits you but does no damage.
You feel sick. The orc attacks as it pursues you!
The orc completely misses you. The steam dragon breathes steam at you.
The ball of steam misses the orc.
The ball of steam hits you.
* * * LOW HITPOINT WARNING * * *
The orc is engulfed in a cloud of scalding steam.
The orc dies!
You feel sick.
You are no longer poisoned.
The orc warrior attacks as it pursues you!
The orc warrior hits you from afar with a +3 glaive of protection!
* * * LOW HITPOINT WARNING * * *
The orc warrior hits you from afar with a +3 glaive of protection.
* * * LOW HITPOINT WARNING * * *
The orc warrior hits you from afar with a +3 glaive of protection.
* * * LOW HITPOINT WARNING * * *
The steam dragon breathes steam at you. The ball of steam hits you!
You die...

..... #.##.# ######### #
.....W####.##.# ##.......###
......#....)..####...#+#...##
...{y.)y§...........⌠# #⌠..).
......#D#####.###|.###+###...
....@ #D# #......'''∩'''..#
.... #.# #.####.###+###..#
### #.#####'###...⌠# ⌠...#
#.##o§@........#+#....#
#.D§§...............#.#
###.........###..####..
....######### #.## ##. #####
#.# #. ... ..


You could see an orc warrior.

Vanquished Creatures
  Harold (D:10)
  A boulder beetle (D:9)
  Pikel (D:8)
  Maurice (D:8)
  Maggie (D:6)
  A troll (D:10)
  A hornet (D:9)
  Sigmund (D:3)
  Eustachio (D:6)
  A steam dragon (D:8)
  Menkaure (D:6)
  2 sky beasts
  3 ice beasts
  A black bear (D:7)
  The ghost of cowcow the Trooper, an amateur DsFi (D:4)
  3 centaurs
  3 lemures (D:8)
  A phantom (D:5)
  A kobold brigand (D:4)
  A bullfrog (D:8)
  A gnoll sergeant (D:10)
  6 wights (D:8)
  9 killer bees (D:10)
  3 howler monkeys (D:8)
  A quasit (D:4)
  2 orc priests
  5 jellies
  A sleepcap (D:6)
  Natasha (thrice) (D:4)
  2 orc wizards
  8 iguanas
  Robin (D:3)
  5 gnolls (D:10)
  2 adders
  4 shadow imps
  A white imp (D:4)
  3 ufetubi (D:4)
  2 ribbon worms (D:4)
  2 dart slugs
  9 orcs
  2 ball pythons (D:4)
  3 endoplasms
  4 giant cockroaches
  14 goblins
  4 hobgoblins
  4 jackals (D:2)
  5 quokkas
  2 bats
  4 kobolds
  3 rats
142 creatures vanquished.

Vanquished Creatures (others)
  An orc (D:10)
1 creature vanquished.

Grand Total: 143 creatures vanquished

Notes
Turn   | Place    | Note
-------+----------+-------------------------------------------
     0 | D:1      | KingC897 the Minotaur Berserker began the quest for the
                  | Orb.
     0 | D:1      | Reached XP level 1. HP: 19/19 MP: 0/0
  1476 | D:2      | Reached XP level 2. HP: 27/27 MP: 1/1
  1539 | D:2      | Found a basalt altar of Yredelemnul.
  1851 | D:3      | Reached ** piety under Trog
  1884 | D:3      | Noticed Sigmund
  1887 | D:3      | Killed Sigmund
  1888 | D:3      | Reached skill level 5 in Fighting
  1888 | D:3      | Reached skill level 1 in Short Blades
  1888 | D:3      | Reached XP level 3. HP: 36/36 MP: 2/2
  1888 | D:3      | Reached XP level 4. HP: 42/42 MP: 3/3
  1888 | D:3      | Reached XP level 5. HP: 48/48 MP: 4/4
  1936 | D:3      | Found a white marble altar of Elyvilon.
  2005 | D:3      | Found a runed translucent door.
  2005 | D:3      | Noticed a human
  2009 | D:3      | Found a basalt altar of Yredelemnul.
  2039 | D:3      | Noticed Robin
  2045 | D:3      | Reached skill level 1 in Stealth
  2049 | D:3      | Killed Robin
  2143 | D:4      | Reached skill level 1 in Polearms
  2161 | D:4      | Identified the ring "Noh Sepp" {rCorr Int+6}
  2168 | D:4      | Noticed cowcow's ghost (amateur DsFi)
  2169 | D:4      | Found a transporter.
  2180 | D:4      | Found a transporter.
  2196 | D:4      | Killed cowcow's ghost
  2197 | D:4      | Reached XP level 6. HP: 16/56 MP: 5/5
  2198 | D:4      | Reached skill level 2 in Polearms
  2370 | D:4      | Noticed Natasha
  2372 | D:4      | Killed Natasha
  2373 | D:4      | Reached skill level 3 in Polearms
  2400 | D:4      | Noticed Natasha
  2407 | D:4      | Killed Natasha
  2408 | D:4      | Reached XP level 7. HP: 26/62 MP: 6/6
  2484 | D:4      | Noticed Natasha
  2501 | D:4      | Killed Natasha
  2501 | D:4      | Reached *** piety under Trog
  2595 | D:5      | Entered Level 5 of the Dungeon
  2615 | D:5      | Reached skill level 4 in Polearms
  2828 | D:5      | Identified the +7 dagger of Chance {freeze, ^Fragile +Blink
                  | Int+3 Dex+8}
  2904 | D:5      | Found a sparkling altar of Nemelex Xobeh.
  3087 | D:5      | Found an opulent altar of Gozag.
  3131 | D:5      | Reached skill level 5 in Polearms
  3235 | D:5      | Found a snail-covered altar of Cheibriados.
  3308 | D:5      | Reached XP level 8. HP: 60/71 MP: 7/7
  3508 | D:6      | Reached skill level 6 in Polearms
  3512 | D:6      | Found a sacrificial altar of Ru.
  3526 | D:6      | Noticed Maggie
  3533 | D:6      | Killed Maggie
  3534 | D:6      | Reached skill level 7 in Polearms
  3539 | D:6      | Reached skill level 8 in Polearms
  3545 | D:6      | Upgraded the game from 0.32-a0-172-gc5dd13f to
                  | 0.32-a0-314-g526f7d4
  3570 | D:6      | Found a staircase to the Ecumenical Temple.
  3578 | Temple   | Entered the Ecumenical Temple
  3696 | D:6      | Noticed Menkaure
  3716 | D:6      | Noticed Eustachio
  3720 | D:6      | Killed Eustachio
  3897 | D:6      | Killed Menkaure
  3898 | D:6      | Reached skill level 9 in Polearms
  3898 | D:6      | Reached skill level 5 in Armour
  3948 | D:7      | Found an ancient bone altar of Kikubaaqudgha.
  3955 | D:7      | Reached XP level 9. HP: 78/79 MP: 8/8
  4136 | D:8      | Noticed Pikel
  4161 | D:8      | Reached skill level 10 in Polearms
  4165 | D:8      | Killed Pikel
  4168 | D:8      | Noticed Maurice
  4199 | D:8      | Something stole the +7 dagger of Chance {freeze, ^Fragile
                  | +Blink Int+3 Dex+8}
  4201 | D:8      | Killed Maurice
  4202 | D:8      | Reached skill level 11 in Polearms
  4465 | D:8      | Found a hide-covered altar of Uskayaw.
  4566 | D:9      | Identified the +0 buckler of Tuul {Dex+2}
  4573 | D:9      | Upgraded the game from 0.32-a0-314-g526f7d4 to
                  | 0.32-a0-330-g213d367
  4643 | D:9      | Reached XP level 10. HP: 86/90 MP: 9/9
  4647 | D:9      | Found a staircase to the Orcish Mines.
  4664 | D:9      | Noticed a boulder beetle
  4682 | D:9      | Killed a boulder beetle
  4840 | D:9      | Reached **** piety under Trog
  4849 | D:10     | Entered Level 10 of the Dungeon
  4884 | D:10     | Found a bloodstained altar of Trog.
  4944 | D:10     | Reached skill level 12 in Polearms
  5056 | D:10     | Found Hussene's Weapon Emporium.
  5119 | D:10     | Noticed Sonja
  5121 | D:10     | Noticed Harold
  5130 | D:10     | Killed Harold
  5143 | D:10     | Killed from afar by a steam dragon

Illustrated notes

Levels and vault maps discovered:
D:1:      roadster_arrival_rocket_small, layout_basic,
          hellmonk_ecumenical_altar_watching_god, due_unseen_surprise
D:2:      wad_woods_stonehenge, layout_basic, uniq_crazy_yiuf_cottage
D:3:      layout_basic, dk_yredelemnul_ordeal,
          nicolae_wu_jian_immortal_techniques, lemuel_tele_altar,
          elyvilon_altar_1, worldfamousw_hep_ancestral_shrine,
          minmay_misc_feat_enclosed, uniq_robin, uniq_sigmund
D:4:      layout_cave_pools, gammafunk_ghost_arena, serial_demonic,
          serial_demonic_a, serial_demonic_d, serial_demonic_e,
          serial_demonic_e, uniq_natasha
D:5:      layout_loops_corners, mainiacjoe_overflow_paths,
          nemelex_spade_bored_becter, grunt_gozag_breadcrumbs,
          serial_library_regret_index_split_case
D:6:      layout_basic, mainiacjoe_overflow_brackets,
          nicolae_ru_sacrificial_ziggurat, minmay_temple_entry_fiery,
          minmay_increasing_density, uniq_menkaure, uniq_duvessa, uniq_maggie,
          uniq_eustachio
D:7:      layout_basic, jmf_multi_god_temple2,
          mainiacjoe_overflow_small_starburst
D:8:      layout_cave_pools, eat_drink_and_be_merry_uskayaw, serial_shops,
          nicolae_shop_just_a_little_nook, uniq_maurice, uniq_pikel
D:9:      cheibrodos_steamvent, layout_loops_corners, orc_0_dummy, serial_shops,
          shop_fountains
D:10:     layout_basic, xom_confusion_cloud, kennysheep_mini_moat, serial_shops,
          nicolae_shop_real_fake_doors, hangedman_decor_growths, hive_lemuel,
          uniq_harold, uniq_sonja
Temple:   corrupted_temple

Skill      XL: |  1  2  3  4  5  6  7  8  9 10 |
---------------+-------------------------------+-----
Fighting       | 4 5 6 7 8 9 |  9.3
Short Blades   | 1 2 |  2.6
Armour         | 3 5 7 8 |  8.7
Unarmed Combat | 4 |  4.4
Stealth        | 1 2 |  2.3
Dodging        | 3 4 |  4.6
Polearms       | 1 3 5 9 11 12 | 12.7

Action                     |  1- 3 |  4- 6 |  7- 9 | 10-12 || total
---------------------------+-------+-------+-------+-------++-------
  Melee: Short sword       |    48 |       |       |       ||    48
         Headbutt          |    10 |     9 |    25 |     9 ||    53
         Unarmed           |     1 |       |       |       ||     1
         Halberd           |       |    67 |   140 |    54 ||   261
 Invoke: Berserk           |       |     2 |     5 |     2 ||     9
         Trog's Hand       |       |     1 |       |       ||     1
    Use: Potion            |     5 |       |       |       ||     5
         Scroll            |     2 |     2 |     7 |     1 ||    12
   Stab: Sleeping          |     1 |       |       |       ||     1
 Armour: Leather armour    |    40 |    62 |    21 |       ||   123
         Plate armour      |       |       |   115 |    53 ||   168
         Ring mail         |       |       |     1 |       ||     1
  Dodge: Dodged            |    39 |    68 |    50 |    24 ||   181

Table legend: (Time is in decaauts)
 A = Elapsed time spent in this place.
 B = Non-inter-level travel time spent in this place.
 C = Inter-level travel time spent in this place.
 D = Time resting spent in this place.
 E = Time spent auto-exploring this place.
 F = Levels seen in this place.
 G = Mean time per level.
                   A        B        C        D        E       F      G
               +--------+--------+--------+--------+--------+-----+--------+
         Total |   5246 |   5107 |    139 |   1933 |      0 |  11 |  476.9 |
       Dungeon |   5203 |   5064 |    139 |   1933 |      0 |  10 |  520.3 |
        Temple |     42 |     42 |      0 |      0 |      0 |   1 |   42.0 |
               +--------+--------+--------+--------+--------+-----+--------+

Top non-repeatable levels by time:
     D:1: 1258 daAuts
     D:5: 916 daAuts
     D:2: 572 daAuts
     D:4: 493 daAuts
     D:8: 441 daAuts
     D:6: 425 daAuts
     D:3: 318 daAuts
     D:9: 294 daAuts
    D:10: 294 daAuts
     D:7: 186 daAuts
  Temple: 42 daAuts
